 Dungeon Crawl Stone Soup version 0.22-a0-69-g116c2a8f25 (webtiles) character file.

285 Spear the Chopper (level 6, -2/55 HPs)
             Began as a Hill Orc Fighter on Jan 11, 2018.
             Was an Initiate of Makhleb.
             Slain by an iguana (3 damage)
             ... on level 4 of the Dungeon.
             The game lasted 00:08:43 (3546 turns).

Spear the Chopper (Hill Orc Fighter)                Turns: 3546, Time: 00:08:44

Health: -2/55      AC: 13    Str: 21    XL:     6   Next: 29%
Magic:  6/6        EV:  4    Int:  8    God:    Makhleb [......]
Gold:   136        SH:  9    Dex: 10    Spells: 5/5 levels left

rFire    . . .     SeeInvis .   a - +0 war axe
rCold    . . .     Gourm    +   c - +0 shield
rNeg     . . .     Faith    .   p - +0 plate armour
rPois    .         Spirit   .   (no helmet)
rElec    .         Reflect  .   (no cloak)
rCorr    .         Harm     .   j - +0 pair of gloves
MR       .....                  (no boots)
Stlth    ..........             m - amulet of the gourmand
HPRegen  0.18/turn              (no ring)
MPRegen  0.10/turn              (no ring)

@: no status effects
A: no striking features
a: Renounce Religion


You were on level 4 of the Dungeon.
You worshipped Makhleb.
Makhleb was noncommittal.
You were completely stuffed.

You visited 1 branch of the dungeon, and saw 4 of its levels.

You collected 136 gold pieces.

Inventory:

Hand Weapons
 a - a +0 war axe (weapon)
Missiles
 l - 6 tomahawks of returning (quivered)
Armour
 c - a +0 shield (worn)
 j - a +0 pair of gloves (worn)
 p - a +0 plate armour (worn)
Jewellery
 m - an amulet of the gourmand (around neck)
Scrolls
 b - a scroll of blinking {unknown}
 h - 3 scrolls of identify {unknown}
 k - 2 scrolls of enchant armour {unknown}
 n - 5 scrolls of remove curse {unknown}
 q - a scroll of noise {unknown}
 r - 2 scrolls of random uselessness {unknown}
 s - a scroll of fear {unknown}
 t - a scroll of amnesia {unknown}
 u - a scroll of magic mapping {unknown}
Potions
 d - 3 potions of might
 e - a potion of invisibility {unknown}
 g - a potion of haste
 i - 2 potions of flight {unknown}
 o - a potion of curing {unknown}
 v - a potion of resistance {unknown}
Books
 x - a book of Changes

   Spells                             Type                      Level
   a - Beastly Appendage              Transmutation                1
   b - Sticks to Snakes               Transmutation                2
   c - Spider Form                    Transmutation/Poison         3
   d - Ice Form                       Ice/Transmutation            4
   e - Blade Hands                    Transmutation                5
Comestibles
 f - a ration


   Skills:
 + Level 4.9 Fighting
 * Level 5.7 Axes
 + Level 4.4 Armour
 + Level 4.4 Shields


You had 5 spell levels left.
You didn't know any spells.

Dungeon Overview and Level Annotations

Branches:
Dungeon (4/15)
 Temple: D:4-7

Altars:
Ashenzari
Elyvilon
Hepliaklqana
Makhleb
Vehumet
The Shining One


Message History

You hit the gnoll.
The gnoll is lightly wounded.
You hit the iguana but do no damage. You block the gnoll's attack.
The iguana bites you!
* * * LOW HITPOINT WARNING * * *
You closely miss the gnoll.
The gnoll is lightly wounded.
You closely miss the iguana. The gnoll barely misses you. The iguana bites you!
* * * LOW HITPOINT WARNING * * *
You closely miss the gnoll.
The gnoll is lightly wounded.
You closely miss the iguana. The gnoll barely misses you. The iguana bites you!
* * * LOW HITPOINT WARNING * * *
You hit the gnoll.
The gnoll is heavily wounded.
Your plate armour prevents you from hitting the iguana.
The iguana hisses menacingly.
You block the iguana's attack. The gnoll completely misses you.
The iguana bites you.
You die...

#..........
##..)...... ..
##......# ...
#...#..######...
##..###..........
#.<## #.........#
#..##
##(.......## #..#
#...l......# ....
#..)@......#
.....
#.#..g......
...##
#..###....... ...
.... ....... ##
..... ...#...
#.... .##....
.... ## .. . ..


You could see an iguana and a gnoll.

Vanquished Creatures
  Jessica (D:3)
  Natasha (thrice) (D:2)
  6 gnolls
  2 adders
  An ooze (D:2)
  A worm (D:2)
  3 dart slugs
  3 leopard geckos
  4 orcs (D:3)
  6 giant cockroaches
  8 goblins
  10 hobgoblins
  13 jackals
  6 bats
  10 frilled lizards
  9 kobolds
  3 rats
89 creatures vanquished.

Notes
Turn   | Place    | Note
-------+----------+-------------------------------------------
     0 | D:1      | Spear the Hill Orc Fighter began the quest for the Orb.
     0 | D:1      | Reached XP level 1. HP: 19/19 MP: 1/1
    28 | D:1      | Reached skill level 3 in Axes
    45 | D:1      | Reached XP level 2. HP: 22/27 MP: 2/2
   433 | D:1      | Reached XP level 3. HP: 32/33 MP: 3/3
  1123 | D:2      | Reached skill level 4 in Axes
  1177 | D:2      | Reached XP level 4. HP: 32/40 MP: 4/4
  1212 | D:2      | Noticed Natasha
  1220 | D:2      | HP: 2/40 [Natasha/magic dart (2)]
  1221 | D:2      | Killed Natasha
  1581 | D:2      | Noticed Natasha
  1597 | D:2      | Killed Natasha
  1597 | D:2      | Reached XP level 5. HP: 9/47 MP: 5/5
  1815 | D:2      | Found a hazy altar of Hepliaklqana.
  1837 | D:2      | Noticed Natasha
  1865 | D:2      | Killed Natasha
  2576 | D:3      | Reached skill level 5 in Axes
  2681 | D:3      | Noticed Jessica
  2683 | D:3      | Killed Jessica
  2813 | D:3      | Found a white marble altar of Elyvilon.
  3100 | D:3      | Found a shattered altar of Ashenzari.
  3102 | D:3      | Reached XP level 6. HP: 53/53 MP: 6/6
  3440 | D:3      | Found a radiant altar of Vehumet.
  3440 | D:3      | Found a glowing golden altar of the Shining One.
  3491 | D:3      | Found a burning altar of Makhleb.
  3491 | D:3      | Noticed a balrug
  3494 | D:3      | Noticed a hellwing
  3494 | D:3      | Noticed a ynoxinul
  3496 | D:3      | Became a worshipper of Makhleb the Destroyer
  3545 | D:4      | HP: 1/55 [iguana (8)]
  3546 | D:4      | Slain by an iguana

Vault maps used:
D:1:      lemuel_arrival_room, minmay_lizard_king
D:2:      nicolae_overflow_crystal_walls, uniq_natasha
D:3:      makhleb_altar_promises_db, lemuel_round_altar,
          gammafunk_temple_overflow_wave, elyvilon_altar_5, uniq_jessica

Skill      XL: |  1  2  3  4  5 |
---------------+----------------+-----
Axes           | 3 4 5 |  5.7
Fighting       | 4 |  4.9
Shields        | 4 |  4.4
Armour         | 4 |  4.4

Action                   |  1- 3 |  4- 6 || total
-------------------------+-------+-------++-------
Melee: War axe           |   111 |   211 ||   322
  Eat: Chunk             |     1 |    16 ||    17
Armor: Scale mail        |    44 |    35 ||    79
       Plate armour      |       |   120 ||   120
Dodge: Dodged            |    29 |    56 ||    85
Block: Shield            |    60 |   149 ||   209

Table legend:
 A = Spawn XP
 B = Non-spawn XP
 C = Spawn XP percentage of total XP
 D = Spawn monster count
 E = Non-spawn monster count
 F = Spawn count percentage of total count
 G = Total turns spent on level
                    A         B        C        D         E        F      G
               +---------+---------+-------+---------+---------+-------+---------
         Total |       0 |     408 |   0.0 |       0 |      89 |   0.0 |  3546
               +---------+---------+-------+---------+---------+-------+---------
           D:1 |       0 |      58 |   0.0 |       0 |      34 |   0.0 |  1111
           D:2 |       0 |     159 |   0.0 |       0 |      20 |   0.0 |  1441
           D:3 |       0 |     147 |   0.0 |       0 |      32 |   0.0 |   970
           D:4 |       0 |      44 |   0.0 |       0 |       3 |   0.0 |    24
               +---------+---------+-------+---------+---------+-------+---------
